cohdb
Replays
Latest Replays
All Replays
Popular Replays
Top Player Replays
Match Explorer
How It Works
Community
CoH3 Stats
Reddit
Sign in to upload your games and track your stats! →
Sign in with Steam
Match 25447770
Unlisted
Match 25447770
Overview
Messages
Build Orders
End
Construct Section Command Post
Royal Engineer Section
Selects Heavy Armor Battlegroup
Dingo Light Scout Car
Dingo Light Scout Car
ML 3-inch Mortar Team
ML 3-inch Mortar Team
Selects Rigorous Vehicle Training
Construct Platoon Command Post
Selects Light Vehicle Withdraw and Refit
Light Vehicle Withdraw and Refit
Humber Armored Car
Humber Armored Car
Light Vehicle Withdraw and Refit
6-pounder Anti-tank Gun Team
Vickers Machine Gun Team
Construct Company Command Post
Foot Guards Section
Selects Crusader AA Medium Tank
Foot Guards Section
Crusader AA Medium Tank
6-pounder Anti-tank Gun Team
Infantry Training
Foot Guards Section
Selects Churchill Black Prince Heavy Tank
馬格南警官
ConcernedApe
够得到的钟摆
楠子
0
0
Comments
sign in to comment!
No comments posted yet!